[Event "German Bundesliga 2021-22"]
[Site "Germany"]
[Date "2022.04.10"]
[Round "4.12"]
[White "Nyback, Tomi"]
[Black "Vogel, Roven"]
[Result "0-1"]
[ECO "E04"]
[WhiteElo "2573"]
[BlackElo "2452"]
[Annotator "RC"]
[PlyCount "104"]
[EventDate "2022.03.05"]
[EventType "team-tourn"]
[EventCountry "GER"]
[SourceTitle "playchess.com"]
[Source "ChessBase"]
[SourceQuality "1"]
[TimeControl "40/5400+30:1800+30"]

1. d4 Nf6 2. c4 e6 3. Nf3 d5 4. g3 dxc4 5. Bg2 a6 6. O-O Nc6 7. Nc3 Be7 8. Qa4 O-O 9. Qxc4 b5 10. Qb3 Bb7 11. Bg5 Nd7 12. Bxe7 Qxe7 13. Rfd1 Rac8 14. d5 Nc5 15. dxc6 Nxb3 16. cxb7 Nxa1 17. bxc8=Q Rxc8 18. Rxa1 Qb4 19. Rb1 Rd8 20. e3 c5 21. Bf1 f6 22. Be2 Kf8 23. Kf1 Ke7 24. Ke1 Rd7 25. Nd2 c4 26. Nde4 Qa5 27. a3 Qc7 28. Nd2 Qe5 29. Nf3 Qf5 30. Rc1 Qh3 31. Bf1 Qh5 32. Bg2 Qc5 33. Nd4 Rxd4 34. exd4 Qxd4 35. Rd1 Qc5 36. Rd2 a5 37. Ne4 Qh5 38. h3 b4 39. a4 Qe5 40. Kd1 f5 41. f4 Qc7 42. Nf2 c3 43. bxc3 bxc3 44. Rc2 Qc4 45. Kc1 Qxa4 46. Kb1 Qd4 47. Bf1 Qb6+ 48. Ka1 Qb3 49. Bd3 a4 50. Nd1 a3 51. Ne3 a2 52. Re2 c2 0-1

[Event "German Bundesliga 2021-22"]
[Site "Germany"]
[Date "2022.04.10"]
[Round "4.12"]
[White "Khenkin, Igor"]
[Black "Kraemer, Martin"]
[Result "1/2-1/2"]
[ECO "D43"]
[WhiteElo "2509"]
[BlackElo "2584"]
[Annotator "RC"]
[PlyCount "41"]
[EventDate "2022.03.05"]
[EventType "team-tourn"]
[EventCountry "GER"]
[SourceTitle "playchess.com"]
[Source "ChessBase"]
[SourceQuality "1"]
[TimeControl "40/5400+30:1800+30"]

1. d4 Nf6 2. c4 e6 3. Nf3 d5 4. Nc3 c6 5. Bg5 h6 6. Bxf6 Qxf6 7. e3 g6 8. Be2 Bg7 9. O-O O-O 10. cxd5 exd5 11. b4 Be6 12. Rc1 a6 13. Na4 Nd7 14. Nc5 Nxc5 15. bxc5 Rae8 16. Rb1 Qe7 17. Ne1 Bc8 18. Rb2 h5 19. Nd3 Qg5 20. Qd2 Bf6 21. Rfb1 1/2-1/2

[Event "German Bundesliga 2021-22"]
[Site "Germany"]
[Date "2022.04.10"]
[Round "4.13"]
[White "Georgiadis, Nico"]
[Black "Predojevic, Borki"]
[Result "1/2-1/2"]
[ECO "B11"]
[WhiteElo "2562"]
[BlackElo "2585"]
[Annotator "TA"]
[PlyCount "68"]
[EventDate "2022.03.05"]
[EventType "team-tourn"]
[EventCountry "GER"]
[SourceTitle "playchess.com"]
[Source "ChessBase"]
[SourceQuality "1"]
[TimeControl "40/5400+30:1800+30"]

1. e4 c6 2. Nf3 d5 3. Nc3 dxe4 4. Nxe4 Nf6 5. Qe2 Nxe4 6. Qxe4 Nd7 {[%emt 0:00:00] B11: Caro-Kann: Two Knights Variation.} 7. Bc4 {[%emt 0:00:00] Threatens to win with Ng5.} Nf6 {[%emt 0:00:00] [#]} 8. Ne5 $1 e6 {[%emt 0:00:00] White is slightly better.} 9. Qe2 b5 10. Bd3 ({Of course not} 10. Nxc6 Qc7 11. Bd3 (11. Bxb5 a6 $17) 11... a6 $15) 10... Qc7 11. a4 Bd6 {[%emt 0:00:15] [#]} 12. Nxc6 b4 (12... Qxc6 $2 13. Bxb5 Qd7 14. Bxd7+ $18) 13. Nd4 $1 a6 {[%emt 0:00:06] [#] Prevents Nb5.} 14. Nf5 $1 Bb7 15. Nxd6+ ({Much worse is} 15. Nxg7+ Kd7 $15) 15... Qxd6 {[%emt 0:00:05] [#]} 16. f3 $146 (16. O-O {seems wilder.} Rc8 17. Re1 Rc5 18. Qe3) ({Predecessor:} 16. O-O h5 17. Qe3 Rd8 18. f3 h4 19. b3 Nd5 20. Qf2 f5 21. Bb2 Nf4 22. Rfe1 Nxd3 23. cxd3 {½-½ (39) Sindarov,J (2609)-Bluebaum,M (2642) Warsaw 2021}) 16... Nd5 17. g3 {[%emt 0:08:51] Inhibits Nf4.} b3 18. c3 {[%emt 0:00:25] Against Nb4} h5 $1 19. Be4 {[%emt 0:00:58] White wants to play d4.} h4 $1 20. Rg1 hxg3 21. hxg3 O-O-O 22. Qc4+ Kb8 23. Qxb3 {[%emt 0:00:16] aiming for d4.} f5 24. Bxd5 Qxd5 25. Qxd5 Bxd5 26. Kf2 {[%emt 0:15:12] Threatening d3.} Rh2+ 27. Rg2 $1 Rh1 28. d4 {[%emt 0:03:40] Bf4+ is the strong threat.} Kc8 {[%emt 0:00:03] The position is equal.} 29. b4 Rdh8 30. Bb2 Rxa1 31. Bxa1 Rh1 32. Rg1 Rxg1 33. Kxg1 Bxf3 34. c4 Bd1 {[%emt 0:00:07] Weighted Error Value: White=0.06 (flawless) /Black=0.05 (flawless)} 1/2-1/2

[Event "German Bundesliga 2021-22"]
[Site "Germany"]
[Date "2022.04.10"]
[Round "4.13"]
[White "Baldauf, Marco"]
[Black "Gavrilescu, David"]
[Result "1/2-1/2"]
[ECO "D37"]
[WhiteElo "2522"]
[BlackElo "2512"]
[Annotator "TA"]
[PlyCount "47"]
[EventDate "2022.03.05"]
[EventType "team-tourn"]
[EventCountry "GER"]
[SourceTitle "playchess.com"]
[Source "ChessBase"]
[SourceQuality "1"]
[TimeControl "40/5400+30:1800+30"]

1. d4 d5 2. c4 e6 3. Nf3 Nf6 4. Nc3 Nbd7 5. Bg5 c6 6. cxd5 exd5 7. e3 h6 {[%emt 0:00:00] D35: Queen's Gambit Declined: Exchange Variation.} 8. Bh4 g5 9. Bg3 Nh5 10. Bd3 Nxg3 11. hxg3 Bg7 12. Qc2 Nb6 13. O-O-O Be6 14. Kb1 Qe7 15. Rc1 O-O-O 16. Na4 Kb8 17. Nc5 Bc8 18. Nd2 Nd7 19. Ndb3 {[%emt 0:04:53] [#]} Bf8 $146 ({Predecessor:} 19... Nxc5 20. Nxc5 h5 21. Qa4 h4 22. gxh4 Rxh4 23. Rxh4 gxh4 {½-½ (75) Zhou,J (2615)-Liang,J (2326) Dulles 2021}) 20. Na6+ {[%emt 0:12:14] Pair of Knights!} Ka8 $1 21. Nc7+ Kb8 22. Na6+ {[%emt 0:00:04] The position is equal.} Ka8 $1 23. Nc7+ Kb8 24. Na6+ $1 {[%emt 0:02:48] Weighted Error Value: White=0.02 (flawless) /Black=0.01 (flawless)} 1/2-1/2

[Event "German Bundesliga 2021-22"]
[Site "Germany"]
[Date "2022.04.10"]
[Round "4.13"]
[White "Boensch, Uwe"]
[Black "Grigorian, Spartak"]
[Result "0-1"]
[ECO "E51"]
[WhiteElo "2494"]
[BlackElo "2477"]
[Annotator "TA"]
[PlyCount "68"]
[EventDate "2022.03.05"]
[EventType "team-tourn"]
[EventCountry "GER"]
[SourceTitle "playchess.com"]
[Source "ChessBase"]
[SourceQuality "1"]
[TimeControl "40/5400+30:1800+30"]

1. d4 Nf6 2. c4 e6 3. Nc3 Bb4 4. e3 O-O 5. Bd2 b6 6. Nf3 d5 7. cxd5 exd5 8. Bd3 {[%emt 0:06:18] E51: Nimzo-Indian: Rubinstein: 4...0-0 5 Nf3 d5.} Bd6 {[%emt 0:01:18] [#]} 9. Qc2 $146 ({Predecessor:} 9. O-O Re8 10. Rc1 c5 11. Bb5 Bd7 12. b3 a6 13. Bxd7 Nbxd7 14. dxc5 Nxc5 15. Ne2 Nce4 {½-½ (34) Anton Guijarro,D (2675)-Giri,A (2764) chess24.com INT 2020}) 9... Re8 10. Nb5 {[%emt 0:01:35] The position is equal.} Ba6 11. Nxd6 Bxd3 12. Qxd3 Qxd6 13. O-O Ne4 14. Rac1 Nd7 15. Rc2 Rac8 16. Rfc1 c5 17. b3 {[%emt 0:04:19] Prevents c4.} Nf8 18. dxc5 (18. Bb4 $5) 18... bxc5 19. Ba5 Nd7 20. Nd2 Nxf2 21. Kxf2 {[%emt 0:00:01] aiming for Kg1.} Ne5 {[%emt 0:00:03] [#]} 22. Qf5 (22. Qe2 $1 $16) 22... g6 $36 {[%emt 0:00:09][%mdl 2048] Black has some pressure.} 23. Qh3 {[%emt 0:00:09] And now Kg1 would win.} Nd3+ 24. Kg1 {[%emt 0:00:08] Hoping for Rf1.} Nxc1 25. Rxc1 Qa6 26. b4 cxb4 {[%emt 0:02:48][%mdl 64] [#] Discovered Attack} 27. Rxc8 Rxc8 28. Bxb4 Rc1+ 29. Kf2 Qb6 {[%emt 0:00:55][%mdl 1024] Black has compensation.} ({But not} 29... Rc2 30. Qd7 Qf6+ 31. Ke2 Qa6+ 32. Kf3 Qf6+ 33. Ke2 (33. Kg4 h5+ 34. Kg3 Qe5+ 35. Kf3 Rxa2 $15) 33... Qa6+ 34. Kf2 Qf6+ 35. Ke2 $16) 30. Nb3 Rc2+ 31. Bd2 a5 {[%emt 0:00:38] &Nero is more active.} (31... Qb7 $17 32. Ke1 Rxa2) 32. Qd7 Rxa2 {[%emt 0:00:32] Chess con chili.} 33. Kg3 $2 Qb8+ $19 34. Kh3 a4 {[%emt 0:00:04] Weighted Error Value: White=0.45/Black=0.10 (very precise)} 0-1

[Event "German Bundesliga 2021-22"]
[Site "Germany"]
[Date "2022.04.10"]
[Round "4.13"]
[White "Coenen, Michael"]
[Black "Gustafsson, Jan"]
[Result "0-1"]
[ECO "C58"]
[WhiteElo "2326"]
[BlackElo "2643"]
[Annotator "TA"]
[PlyCount "56"]
[EventDate "2022.03.05"]
[EventType "team-tourn"]
[EventCountry "GER"]
[SourceTitle "playchess.com"]
[Source "ChessBase"]
[SourceQuality "1"]
[TimeControl "40/5400+30:1800+30"]

1. e4 e5 2. Nf3 Nc6 3. Bc4 Nf6 4. Ng5 d5 5. exd5 Na5 6. Bb5+ c6 7. dxc6 bxc6 8. Bd3 {[%emt 0:00:00] is recently more successful than 8.Be2.} Nd5 {[%emt 0:00:00] C58: Two Knights: 4 Ng5 d5 5 exd5 Na5 sidelines.} 9. Nf3 (9. Qh5 g6 10. Nxf7 gxh5 $17) (9. h4 {is interesting.} Nf4 10. Bf1 Bc5 11. c3) 9... Bd6 10. O-O O-O {[%emt 0:00:00] White has an edge.} 11. Re1 f5 12. Nxe5 {[%emt 0:07:06] Hoping for Bf1.} Qf6 $1 (12... Qh4 13. Bf1 $18) 13. Nc4 (13. Nf3 $11) 13... Nxc4 $15 14. Bxc4 {[%emt 0:00:07] Threatens to win with d4.} Qh4 15. Bxd5+ cxd5 16. g3 (16. h3 $1 $15) 16... Qh3 $17 {[%emt 0:06:20][%mdl 1024] Black has strong compensation.} 17. f4 d4 $1 $36 {[%emt 0:02:21][%mdl 2048] Black is really pushing.} 18. Qf3 {[%emt 0:01:18] [#] Against Bb7} Rb8 {[%emt 0:00:52] aiming for ...Bb7.} 19. Qf1 {[%emt 0:07:56] [#]} (19. Qd5+ $2 Kh8 20. Qg2 (20. Qxd6 $2 Bb7 $19) 20... Qh6 $19) 19... Qg4 (19... Qxf1+ 20. Kxf1 Ba6+ 21. d3 $15) (19... Qh6 $1 $17 {And now ...Bb7 would win.} 20. b4 (20. Qc4+ Kh8 $17) 20... Bb7 21. Qc4+ Kh8) 20. Qe2 ({Of course not} 20. Qc4+ Kh8 21. Qe2 (21. Qxd4 $2 Bb7 $19) 21... Qxe2 22. Rxe2 d3 $17) (20. b3 $11 {remains equal.}) 20... Qg6 (20... Qxe2 $17 21. Rxe2 d3) 21. d3 $1 $11 ({But not} 21. Qc4+ Kh8 22. Qxd4 Bb7 $17) 21... Bd7 {[%emt 0:03:08] [#]} 22. Na3 $146 (22. Qf2 $11) ({Predecessor:} 22. Qf2 Bc6 23. Nd2 Qf7 24. Nf3 Qd5 25. Kg2 h6 26. b3 g5 27. fxg5 hxg5 28. Bxg5 Rb7 29. Rf1 f4 30. gxf4 Bxf4 31. Bxf4 Rxf4 32. Qg3+ Rg7 33. Qxg7+ Kxg7 {0-1 (33) Shkapenko,P (2424)-Demchenko,A (2641) Chess.com INT 2020}) 22... Rfe8 $19 23. Qf2 Rxe1+ 24. Qxe1 Re8 25. Qf2 Bxa3 $2 (25... Qh5 $19 {( -> ...Qd1+)} 26. Bd2 Re2) 26. bxa3 $15 Qh5 $1 {[%emt 0:00:35] 0x0.0025b66fe5f3dp-1022s more active pieces.} 27. Qf1 {[%emt 0:14:38][%mdl 8192] Inhibits Qd1.} (27. Bb2 $15 Re2 28. g4 Qxg4+ 29. Qg3) 27... Re2 $19 28. h3 Qe8 {[%emt 0:00:40] Weighted Error Value: White=0.75/Black=0.41} 0-1

[Event "German Bundesliga 2021-22"]
[Site "Germany"]
[Date "2022.04.10"]
[Round "4.14"]
[White "Bacrot, Etienne"]
[Black "Harff, Marcel"]
[Result "1-0"]
[ECO "C02"]
[WhiteElo "2642"]
[BlackElo "2367"]
[Annotator "TA"]
[PlyCount "51"]
[EventDate "2022.03.05"]
[EventType "team-tourn"]
[EventCountry "GER"]
[SourceTitle "playchess.com"]
[Source "ChessBase"]
[SourceQuality "1"]
[TimeControl "40/5400+30:1800+30"]

1. e4 e6 2. d4 d5 3. e5 c5 4. c3 Nc6 5. Nf3 Bd7 6. Be2 Qb6 7. O-O cxd4 8. cxd4 Nh6 {[%emt 0:00:00] C02: French: Advance Variation.} (8... Nge7 $11 {keeps the balance.}) 9. Bxh6 $16 {[%emt 0:09:55] Bc1 is the strong threat.} gxh6 10. Qd2 Bg7 {[%emt 0:00:00] White is better.} 11. Nc3 {[%emt 0:05:31][%cal Bb1c3,Bc3d1,Bd1e3][%mdl 32] [#]} Ne7 $146 ({Predecessor:} 11... O-O 12. Rac1 Rac8 13. Bd3 f6 14. exf6 Rxf6 15. Ne5 Nxe5 16. dxe5 Rf7 17. Na4 Qd8 {½-½ (58) Petkov,M (2426)-Jianu,V (2527) Tornelo INT 2021}) 12. Bd3 O-O 13. Rae1 Rfc8 14. h4 {[%emt 0:07:13][%cal Bh2h4,Bh4h5][%mdl 32] &Bianco is more active.} Ng6 15. h5 Nf8 16. Nd1 a5 17. a3 Bb5 18. Bxb5 Qxb5 {[%emt 0:00:09] [#]} 19. Ne3 $1 Rc7 (19... Qe8 $142 20. Ng4 Nd7 21. Nxh6+ Bxh6 22. Qxh6 Qf8) 20. Ng4 $18 Nd7 $2 (20... Kh8 21. Nxh6 Rac8) 21. Nxh6+ Bxh6 22. Qxh6 Qxb2 23. Ng5 Nf8 24. Qf6 {[%emt 0:01:21] White threatens h6 and mate.} h6 {[%emt 0:00:07] [#]} 25. Re3 $1 {[%emt 0:01:55][%cal Oe3g3] Rg3! would kill now.} hxg5 (25... Nh7 26. Qxh6) 26. h6 {Weighted Error Value: White=0.03 (flawless) /Black=0.90} 1-0

[Event "German Bundesliga 2021-22"]
[Site "Germany"]
[Date "2022.04.10"]
[Round "4.14"]
[White "Teclaf, Pawel"]
[Black "Jakubowski, Krzysztof"]
[Result "1-0"]
[ECO "C77"]
[WhiteElo "2542"]
[BlackElo "2475"]
[Annotator "TA"]
[PlyCount "109"]
[EventDate "2022.03.05"]
[EventType "team-tourn"]
[EventCountry "GER"]
[SourceTitle "playchess.com"]
[Source "ChessBase"]
[SourceQuality "1"]
[TimeControl "40/5400+30:1800+30"]

1. e4 e5 2. Nf3 Nc6 3. Bb5 a6 4. Ba4 Nf6 5. d3 d6 6. c4 Bg4 7. Nc3 Be7 {[%emt 0:00:00] C71: Ruy Lopez: Deferred Steinitz Variation, sidelines.} 8. h3 Bxf3 9. Qxf3 O-O {[%emt 0:00:08] The position is equal.} 10. Ne2 Nd7 11. O-O Rb8 12. a3 Nc5 {[%emt 0:11:19] [#]} 13. Bxc6 $146 ({Predecessor:} 13. Bc2 Ne6 14. Be3 g6 15. Qg3 Bf6 16. b4 Bg7 17. Ba4 Ned4 18. Ra2 Ne6 19. Bxc6 bxc6 {0-1 (64) Lukov,V (2430)-Toshkov,T (2385) Sofia 1981}) 13... bxc6 14. b4 $1 Ne6 15. Be3 a5 16. Rab1 axb4 17. axb4 Rb7 18. d4 exd4 19. Nxd4 Nxd4 20. Bxd4 Bf6 21. e5 $1 {[%emt 0:01:09] &Bianco is more active.} Bxe5 {[%emt 0:00:25] [#]} 22. Qxc6 $1 Qb8 23. Bxe5 dxe5 (23... Rb6 $142 24. Qd5 dxe5) 24. Qc5 (24. b5 $142) 24... Re8 ({Better is} 24... f6) 25. Rfd1 $16 Qc8 26. Rd5 Qe6 (26... c6 $16 27. Rxe5 Rxe5 28. Qxe5 Qb8) 27. Rbd1 $1 $18 {[%emt 0:03:55][%cal Od5e5] And now Rxe5! would win.} h6 28. b5 {[%emt 0:03:03] Against c6} (28. Rd7 $18) 28... e4 (28... Qe7 $16 {might work better.}) 29. Rd8 Rxd8 30. Rxd8+ {[%emt 0:00:06][%mdl 4096] Endgame KQR-KQR} Kh7 31. Qd5 Qxd5 32. Rxd5 {[%emt 0:00:02] KR-KR} Kg6 33. Re5 (33. Kf1 $18) 33... c6 34. bxc6 Rc7 35. Rxe4 Rxc6 36. f3 f5 37. Rd4 Kf6 38. Kf2 g5 {[%emt 0:00:30] [#]} 39. Ke3 $1 f4+ (39... h5 $16 40. Kd3 Ra6) 40. Ke2 ({White should try} 40. Kd3 $18) 40... Ke6 {[%emt 0:00:38] [#]} (40... Rb6 $16 41. Kd3 Rb3+ 42. Ke4 Ke6) 41. Kd3 $1 Ra6 $2 (41... Kf6 42. Kc3 Ke5 43. Rd5+ Ke6) 42. c5 Ra3+ $2 (42... h5 43. Kc3 Ra8 44. Rd6+ Kf7) 43. Kc4 Ra2 44. c6 Rxg2 45. Rd3 {[%emt 0:07:19] Strongly threatening Kb3.} Rc2+ 46. Kb5 {[%emt 0:00:06] aiming for Kb6.} Ke7 $2 (46... h5 $16 47. Kb6 Rb2+ 48. Ka6 g4 49. fxg4 hxg4 50. hxg4 f3 51. Rxf3 Kd6 52. Rf6+ Kc7) 47. Kb6 Rb2+ 48. Ka7 Ra2+ 49. Kb7 Rb2+ 50. Kc8 {[%emt 0:00:55] White wants to mate with c7.} Rb4 51. c7 Rb1 52. Rd7+ Ke8 53. Rd6 {[%emt 0:03:05] Threatening mate with Re6+.} Rb3 54. Re6+ Kf7 55. Kd7 {[%emt 0:00:12] Weighted Error Value: White=0.18 (very precise) /Black=0.59} 1-0

[Event "German Bundesliga 2021-22"]
[Site "Germany"]
[Date "2022.04.10"]
[Round "4.14"]
[White "Handke, Florian"]
[Black "Kurmann, Oliver"]
[Result "1/2-1/2"]
[ECO "B33"]
[WhiteElo "2539"]
[BlackElo "2462"]
[Annotator "TA"]
[PlyCount "115"]
[EventDate "2022.03.05"]
[EventType "team-tourn"]
[EventCountry "GER"]
[SourceTitle "playchess.com"]
[Source "ChessBase"]
[SourceQuality "1"]
[TimeControl "40/5400+30:1800+30"]

1. e4 c5 2. Nf3 Nc6 3. d4 cxd4 4. Nxd4 Nf6 5. Nc3 e5 6. Ndb5 d6 7. Bg5 a6 8. Na3 b5 9. Nd5 Qa5+ 10. Bd2 Qd8 11. Bg5 Qa5+ {[%emt 0:00:00] 11...Rb8 is setting a new trend.} 12. Bd2 Qd8 13. c4 Nxe4 {[%emt 0:00:00] [#] B33: Sicilian: Pelikan and Sveshnikov Variations.} 14. g3 $146 (14. cxb5 $14 Be6 15. Bc4) ({Predecessor:} 14. cxb5 Be6 15. Bc4 Ne7 16. Be3 Rc8 17. Bb6 Qd7 18. bxa6 Rxc4 19. Nxc4 Bxd5 20. a7 Ba8 21. f3 Qc6 22. Rc1 Nd5 23. Qb3 Nf4 24. fxe4 {1-0 (62) Korneev,O (2513)-Harutjunyan,G (2444) Cheliabinsk 2020}) 14... Nxd2 $15 15. Qxd2 Nd4 16. Bg2 {[%emt 0:01:06] Prevents Nf3+.} Ra7 17. O-O Be7 18. cxb5 axb5 19. Nc2 Nxc2 20. Qxc2 O-O 21. Qb3 Qa5 22. Rfd1 Be6 23. Qe3 Bd8 24. a3 Bxd5 25. Rxd5 Bb6 26. Qd3 Bc5 27. Be4 {[%emt 0:07:17] [#] aiming for b4.} b4 {[%emt 0:12:17][%cal Of7f5] With the idea ...f5!} 28. Bxh7+ Kh8 {[%emt 0:00:02] And now ...g6 would win.} 29. Be4 (29. g4 $1 $11) 29... bxa3 ({Better is} 29... f5 $1 $17 30. Bxf5 g6 31. Bxg6 Rxf2) 30. Qf3 {[%emt 0:15:05] Threatening mate with Qh5+.} Kg8 {[%emt 0:03:56] Threatens to win with ...a2.} 31. bxa3 g6 32. Qf6 Qd8 (32... Qa4 {looks sharper.} 33. Re1 Qd7 34. Rd3 Qe6) 33. Qxd8 Rxd8 34. a4 Rb8 35. Ra2 {[%emt 0:00:08] Against Rb2} Rb4 36. Bc2 Ra5 {[%emt 0:00:06][%cal Oc5f2] White must now prevent ...Bxf2+!} 37. Kg2 e4 38. h4 f5 39. h5 Kf7 40. hxg6+ Kxg6 41. Bd1 Kf6 42. Rad2 Ra6 43. Kh3 Ke6 {[%emt 0:00:00][%cal Oc5f2] next ...Bxf2! is good for Black.} 44. Kg2 (44. g4 $11) 44... Rab6 (44... Ra8 $15) 45. Bh5 (45. a5 $5 R6b5 46. a6 $15) 45... Rb2 {[%emt 0:24:07] Black is slightly better.} 46. a5 Rxd2 47. Rxd2 {[%emt 0:00:04][%mdl 4096] Endgame KRB-KRB} Ra6 48. Ra2 {[%emt 0:00:40] [#]} Bb6 $1 49. Be2 (49. f3 d5) 49... Rxa5 50. Rxa5 Bxa5 {[%emt 0:00:03] KB-KB} 51. g4 f4 {[%emt 0:01:34] Hoping for ...f3+.} 52. f3 $1 d5 53. Ba6 Bb6 54. Bb7 Ke5 55. g5 Bd8 56. g6 {[%emt 0:00:07] g7 is the strong threat.} Bf6 57. Kf2 Kd4 58. Ke2 {[%emt 0:00:13] Weighted Error Value: White=0.11 (very precise) /Black=0.09 (flawless)} 1/2-1/2

[Event "German Bundesliga 2021-22"]
[Site "Germany"]
[Date "2022.04.10"]
[Round "4.14"]
[White "Markgraf, Alexander"]
[Black "Maiwald, Jens-Uwe"]
[Result "1/2-1/2"]
[ECO "B48"]
[WhiteElo "2482"]
[BlackElo "2430"]
[Annotator "TA"]
[PlyCount "69"]
[EventDate "2022.03.05"]
[EventType "team-tourn"]
[EventCountry "GER"]
[SourceTitle "playchess.com"]
[Source "ChessBase"]
[SourceQuality "1"]
[TimeControl "40/5400+30:1800+30"]

1. e4 c5 2. Nf3 e6 3. d4 cxd4 4. Nxd4 Nc6 5. Nc3 Qc7 6. Be3 a6 7. Qd2 Nf6 8. O-O-O Bb4 {[%emt 0:00:00] 8...Bb4 was played by the boomers.} 9. f3 Ne7 {[%emt 0:00:00] was the old line (9...Ne5). B48: Sicilian: Taimanov: 5 Nc3 Qc7 6 Be3 a6 without Be2.} 10. Nde2 b5 11. Kb1 {[%emt 0:14:58][%cal Oc3b5] [#] Black must now prevent Nxb5!} Ba5 {[%emt 0:00:46] White is slightly better.} 12. Bf4 e5 13. Bg5 {[%emt 0:00:41] Threatens to win with Bxf6.} h5 14. Qd3 Bb7 15. Bxf6 gxf6 16. Nd5 Nxd5 17. exd5 h4 {[%emt 0:01:35] Inhibits Ng3.} 18. Nc1 (18. g4 {with more complications.} Rc8 19. Qe4 Qc4 20. Qf5) 18... d6 {[%emt 0:27:09] [#]} 19. Qe4 $146 ({Predecessor:} 19. Qf5 Ke7 20. f4 Rag8 21. fxe5 fxe5 22. Be2 Bc8 23. Qf2 Bb6 24. Qf1 Rh6 25. Qe1 Rxg2 {0-1 (33) Zhang,X (2278)-Wang,Y (2737) Shenzhen 2016}) 19... Bc8 20. Bd3 f5 21. Qe2 Rg8 22. g3 {[%emt 0:07:09] Inhibits f4.} Bb6 23. c3 Qc5 (23... hxg3 24. hxg3 Kd8 25. Rh5 $14) 24. Qc2 Qf2 {[%emt 0:04:08] And now ...Qxc2+ would win.} (24... Qxd5 $2 {[#]} 25. Be4 $1 Qe6 26. Bxa8 $18) 25. Ne2 Ke7 (25... Rh8 $15 {feels stronger.}) 26. Rdf1 $11 Qg2 27. Qd2 (27. Re1 $11) 27... hxg3 $15 28. hxg3 Rxg3 29. Qe1 ({Better is} 29. Qh6 $15 Rxf3 30. Rxf3 Qxf3 31. Qg5+ Kd7 32. Qxf5+ (32. Bxf5+ $2 Kc7 $19) 32... Qxf5 33. Bxf5+ Ke7 34. Bxc8 Rxc8 35. Ng3) 29... Rxf3 $17 30. Qh4+ Ke8 31. Rxf3 ({Wrong is} 31. Qh8+ $2 Kd7 32. Rxf3 (32. Bxf5+ $2 Rxf5 33. Rxf5 Qe4+ 34. Ka1 Qxf5 $19) 32... Qxf3) 31... Qxf3 32. Qh8+ (32. Bc2 $17) 32... Ke7 (32... Kd7 $19 33. Rh3 Qxd5 34. Bxf5+ Kc7) 33. Qh4+ Ke8 (33... Kd7 $17 34. Nc1 Bf2) 34. Qh8+ $1 $19 Ke7 35. Qh4+ $1 {[%emt 0:00:27] Weighted Error Value: White=0.13 (very precise) /Black=0.19 (very precise)} 1/2-1/2

[Event "German Bundesliga 2021-22"]
[Site "Germany"]
[Date "2022.04.10"]
[Round "4.15"]
[White "Fedorovsky, Michael"]
[Black "Naumann, Alexander"]
[Result "1/2-1/2"]
[ECO "D85"]
[WhiteElo "2396"]
[BlackElo "2514"]
[Annotator "TA"]
[PlyCount "55"]
[EventDate "2022.03.05"]
[EventType "team-tourn"]
[EventCountry "GER"]
[SourceTitle "playchess.com"]
[Source "ChessBase"]
[SourceQuality "1"]
[TimeControl "40/5400+30:1800+30"]

1. d4 Nf6 2. c4 g6 3. Nc3 d5 4. cxd5 Nxd5 5. e4 Nxc3 6. bxc3 Bg7 7. Nf3 c5 8. Bb5+ Nc6 {[%emt 0:00:00][%cal Rc5d4] The main line 8...Nc6 scores better than 8...Bd7.} 9. d5 {[%emt 0:00:00] [#] D85: Exchange Grünfeld: Unusual White 7th moves and lines with 7 Nf3.} Qa5 $1 10. Rb1 {[%emt 0:00:00] [#]} a6 $1 11. Bxc6+ bxc6 12. O-O $1 O-O 13. dxc6 Bg4 14. Bf4 Rac8 {[%emt 0:03:07][%cal Ba8c8,Bc8c6,Bc6e6][%mdl 32] [#]} 15. h3 $146 ({Predecessor:} 15. c7 e5 16. Be3 Rxc7 17. Qb3 Be6 18. c4 Rc6 19. Ng5 Bc8 20. Rfd1 h6 21. Nf3 {½-½ (31) Prasanna Raghuram,R (2458)-Muzychuk,A (2571) Caleta 2018}) 15... Bxf3 16. Qxf3 Rxc6 17. e5 Re6 18. Rfe1 Qxa2 {[%emt 0:03:36][%cal Og7e5] Threatens to win with ...Bxe5!} 19. Qd3 Qa5 20. Rb7 Qd8 21. Rd7 Qa8 22. c4 a5 23. Qd5 Rc8 24. Rc7 Qb8 25. Rb7 Qa8 26. Rc7 Qb8 ({Black should play} 26... Bf8 $15) 27. Rb7 (27. Rxc5 $11 {remains equal.} Rd8 {[#]} 28. Rb5 $1) 27... Qa8 $17 28. Rc7 {[%emt 0:00:22][%mdl 64] Back Rank.  Weighted Error Value: White=0.10 (very precise) /Black=0.12 (very precise)} 1/2-1/2